 Dungeon Crawl Stone Soup version 0.29.1 (webtiles) character file.

Game seed: 7285095720515871414

30597 qw the Severer (level 13, -1/126 HPs)
             Began as a Minotaur Berserker on Sept 13, 2022.
             Was an Elder of Trog.
             Slain by an ice devil (5 damage)
             ... on level 2 of the Abyss.
             The game lasted 00:05:15 (16625 turns).

qw the Severer (Minotaur Berserker)                Turns: 16625, Time: 00:05:16

Health: -1/126     AC: 26    Str: 28    XL:     13   Next: 21%
Magic:  12/12      EV:  9    Int:  4    God:    Trog [****..]
Gold:   568        SH:  5    Dex:  9    Spells: 12/12 levels left

rFire   + . .      SeeInvis .   Y - +8 war axe
rCold   . . .      Faith    .   (no shield)
rNeg    . . .      Spirit   .   o - +0 plate armour
rPois   .          Reflect  +   q - +2 hat
rElec   .          Harm     .   m - +0 cloak
rCorr   .          Rampage  .   h - +1 pair of gloves
Will    .....                   (no boots)
Stlth   ..........              s - amulet of reflection
HPRegen 0.31/turn               e - ring of protection from fire
MPRegen 0.13/turn               l - +4 ring of protection

@: about to teleport, on berserk cooldown, slowed, very slow
A: horns 2, retaliatory headbutt
a: Renounce Religion, Berserk, Trog's Hand, Brothers in Arms


You were on level 2 of the Abyss.
You worshipped Trog.
Trog was greatly pleased with you.
You visited 2 branches of the dungeon, and saw 12 of its levels.
You visited the Abyss 1 time.

You collected 659 gold pieces.
You spent 91 gold pieces at shops.


Innate Abilities, Weirdness & Mutations

You have a pair of horns on your head.
You reflexively headbutt those who attack you in melee.


   Skills:
 + Level 15.0 Fighting
 - Level 16.0 Axes
 - Level 6.2 Throwing
 - Level 14.0 Armour
 - Level 5.0 Dodging


You had 12 spell levels left.
You didn't know any spells.
Your spell library was empty.

Inventory:

Hand Weapons
 j - a +1 demon whip of venom
 Y - a +8 war axe (weapon)
Missiles
 i - 6 boomerangs (quivered)
Armour
 c - +0 fire dragon scales
 h - a +1 pair of gloves (worn)
 m - a +0 cloak (worn)
 o - a +0 plate armour (worn)
 q - a +2 hat (worn)
Jewellery
 a - a ring of protection from fire
 e - a ring of protection from fire (left hand)
 l - a +4 ring of protection (right hand)
 n - a ring of resist corrosion
 s - an amulet of reflection (around neck)
Scrolls
 b - 4 scrolls of identify
 k - 3 scrolls of teleportation
Potions
 d - 3 potions of might
 f - 9 potions of curing
 t - a potion of mutation
 u - a potion of cancellation

Dungeon Overview and Level Annotations

Branches:
Dungeon (8/15)             Temple (0/1) D:6            Lair (4/5) D:8
  Swamp (0/4) Lair:2       Spider (0/4) Lair:2
  Slime: Lair:4-5

Altars:
Dithmenos
Fedhas
Gozag
Hepliaklqana
Okawaru
Sif Muna
Wu Jian
Xom
Yredelemnul
Zin

Shops:
D:3 ?((

Annotations:
D:6 1 runed translucent door, qw's ghost, novice MiBe
Lair:4 Sonja


Message History

Trog accepts your kill.
You hit the starcursed mass. You slash the ice devil!
You hit the starcursed mass but do no damage.
You slash the starcursed mass! x2
The starcursed mass shudders and is absorbed by its neighbour. x2
The starcursed mass shudders and withdraws towards its neighbour. x4
The ice devil hits you but does no damage.
The starcursed mass touches you.
You hit the starcursed mass but do no damage.
You headbutt the starcursed mass.
The starcursed mass is heavily damaged.
You hit the ice devil. You slash the starcursed mass! x2
The starcursed mass shudders and is absorbed by its neighbour. x2
The starcursed mass shudders and withdraws towards its neighbour. x2
Your skin stops crawling.
You feel less strong-willed. The ice devil hits you. The ice devil freezes you!
You hit the starcursed mass. You headbutt the starcursed mass.
The starcursed mass is almost destroyed.
You barely miss the ice devil.
The starcursed mass shudders and is absorbed by its neighbour.
The ice devil hits you but does no damage.
You closely miss the ice devil. Your headbutt misses the ice devil.
The ice devil is moderately wounded.
You hit the starcursed mass but do no damage.
The ice devil hits you but does no damage.
A chorus of shrieks assaults your mind.
The ice devil hits you but does no damage.
You slice the starcursed mass!!
You headbutt the starcursed mass, but do no damage.
The starcursed mass is almost destroyed.
You slash the starcursed mass! You hit the ice devil but do no damage.
The starcursed mass shudders and is absorbed by its neighbour.
The starcursed mass shrieks in your mind.
You block the ice devil's attack.
You slice the starcursed mass!!
You destroy the starcursed mass!
Trog accepts your kill.
You hit the ice devil but do no damage. The ice devil hits you.
You die...

#. ## ... .. #.
#..# ..#.. ...##..
#x ........##..#
#..#...#.#....## #.
......#.....# #.
..%...#....## .. .#
............## #
###%#%#........#
.........@...## #
#.......4....# #.
......#.....#..# .
...........#..# .
##........#......
.. . ...
..........# # .
.#............#
..........#....###.
. . # .


You could see an ice devil.

Vanquished Creatures
  Gastronok (Lair:2)
  A hydra (Lair:2)
  2 two-headed ogres (D:8)
  Urug (Lair:2)
  Nergalle (Lair:2)
  Amaemon (D:8)
  Pikel (D:7)
  2 wolf spiders
  A worldbinder (Abyss:2)
  9 elephants
  A black mamba (Lair:3)
  A smoke demon (Abyss:2)
  2 torpor snails
  10 cane toads
  An orange demon (D:8)
  4 komodo dragons
  A rime drake (Lair:2)
  An ancient zyme (Abyss:2)
  4 polar bears
  4 raiju (Abyss:2)
  17 blink frogs
  4 dream sheep (Lair:4)
  A wyvern (D:8)
  A ynoxinul (Abyss:2)
  23 yaks
  A steam dragon (D:7)
  3 basilisks
  2 redbacks (Lair:2)
  An acid dragon (D:8)
  Edmund (D:5)
  A neqoxec (Abyss:2)
  A large abomination (Abyss:2)
  9 water moccasins
  An orc warrior (D:8)
  A swamp drake (Lair:2)
  3 black bears
  10 wolves (Lair:3)
  3 sky beasts
  5 ogres
  2 centaurs (D:8)
  A phantom (D:4)
  2 kobold brigands
  8 bullfrogs
  A small abomination (Abyss:2)
  3 scorpions
  2 electric eels (Lair:1)
  A quasit (Abyss:2)
  4 starcursed masses (Abyss:2)
  2 jellies
  2 orc priests (D:3)
  A hound (D:4)
  A gnoll bouda (D:7)
  Jessica (D:3)
  4 iguanas
  Ijyb (D:3)
  Natasha (twice) (D:3 D:2)
  2 orc wizards
  10 hell rats
  Robin (D:3)
  13 adders
  10 gnolls
  3 shadow imps
  2 white imps
  A worm (D:4)
  A dart slug (D:2)
  25 orcs
  3 bats
  6 endoplasms
  3 giant cockroaches
  24 goblins
  8 hobgoblins
  2 jackals (D:2)
  A quokka (D:3)
  6 ball pythons
  3 frilled lizards (D:1)
  15 kobolds
  A rat (D:1)
315 creatures vanquished.

Vanquished Creatures (others)
  A gnoll (D:7)
  67 fungi
  68 plants
136 creatures vanquished.

Grand Total: 451 creatures vanquished

Notes
Turn   | Place    | Note
-------+----------+-------------------------------------------
     0 | D:1      | qw the Minotaur Berserker began the quest for the Orb.
     0 | D:1      | Reached XP level 1. HP: 19/19 MP: 0/0
     0 | D:1      | 0 ||| qw: Version: 0.1-a-119-g272c26d
     0 | D:1      | 0 ||| qw: Game counter: 11113
     0 | D:1      | 0 ||| qw: Always use a shield: true
     0 | D:1      | 0 ||| qw: Do Orc after D:15 true
     0 | D:1      | 0 ||| qw: Do second Lair branch before Depths: true
     0 | D:1      | 0 ||| qw: Lair rune preference: random
     0 | D:1      | 0 ||| qw: Plans: Normal
     0 | D:1      | 0 ||| PLANNING D:1-11
   157 | D:1      | 157 ||| Stepping ~*~*~tactically~*~*~ (stealth).
   160 | D:1      | Reached skill level 4 in Axes
   173 | D:1      | 173 ||| Stepping ~*~*~tactically~*~*~ (stealth).
   180 | D:1      | 180 ||| Stepping ~*~*~tactically~*~*~ (stealth).
   247 | D:1      | Reached XP level 2. HP: 26/26 MP: 1/1
   394 | D:1      | Found a faded altar of an unknown god.
   723 | D:1      | 723 ||| UPGRADING to ring of protection from fire.
   724 | D:1      | 724 ||| READING scroll labelled CACUNA JIQO.
   729 | D:1      | 729 ||| READING scroll labelled ECZAUSTRESH.
   873 | D:1      | 873 ||| READING scroll labelled WEISON UVEUJ.
   874 | D:1      | 874 ||| READING scroll labelled JUYFUG ODAULA.
   875 | D:1      | 875 ||| DRINKING 2 dark potions.
   876 | D:1      | 876 ||| DRINKING 3 fizzy red potions.
   890 | D:2      | 890 ||| STAIRDANCE
   897 | D:2      | 897 ||| STAIRDANCE
   954 | D:2      | Reached skill level 5 in Axes
   954 | D:2      | 954 ||| FLEEEEING.
   955 | D:2      | 955 ||| FLEEEEING.
   956 | D:2      | 956 ||| FLEEEEING.
   957 | D:2      | 957 ||| FLEEEEING.
   958 | D:2      | 958 ||| STAIRDANCE
  1124 | D:2      | Reached XP level 3. HP: 25/31 MP: 2/2
  1497 | D:2      | Reached ** piety under Trog
  1675 | D:2      | 1675 ||| UPGRADING to +0 ring mail.
  1685 | D:2      | 1685 ||| DROPPING +0 animal skin.
  1686 | D:2      | 1686 ||| UPGRADING to +0 pair of gloves.
  1691 | D:2      | 1691 ||| DROPPING amulet of faith.
  1703 | D:3      | Noticed Jessica
  1703 | D:3      | Noticed Natasha
  1705 | D:3      | 1705 ||| INVOKING Berserk.
  1710 | D:3      | Killed Natasha
  1715 | D:3      | Killed Jessica
  1716 | D:3      | Reached skill level 6 in Axes
  1716 | D:3      | Reached XP level 4. HP: 39/39 MP: 3/3
  1723 | D:3      | Found Tifexacs's Antique Weapon Shoppe.
  1724 | D:3      | Noticed Natasha
  1724 | D:3      | 1724 ||| STAIRDANCE
  1828 | D:3      | 1828 ||| STAIRDANCE
  1835 | D:3      | 1835 ||| STAIRDANCE
  1837 | D:2      | 1837 ||| INVOKING Berserk.
  1841 | D:2      | Killed Natasha
  1964 | D:3      | 1964 ||| SHOPLISTING glowing hand axe (144 gold, have 76).
  1964 | D:3      | 1964 ||| SHOPLISTING glowing morningstar (168 gold, have
                  | 76).
  1964 | D:3      | 1964 ||| SHOPLISTING morningstar (96 gold, have 76).
  2105 | D:3      | Found Judin's Magic Scroll Boutique.
  2114 | D:3      | 2114 ||| BUYING 2 scrolls of identify (52 gold).
  2114 | D:3      | Bought 2 scrolls of identify for 52 gold pieces
  2114 | D:3      | 2114 ||| SHOPLISTING scroll of enchant weapon (97 gold,
                  | have 47).
  2114 | D:3      | 2114 ||| BUYING scroll of teleportation (39 gold).
  2114 | D:3      | Bought a scroll of teleportation for 39 gold pieces
  2114 | D:3      | 2114 ||| SHOPLISTING scroll of teleportation (39 gold, have
                  | 8).
  2167 | D:3      | Noticed Robin
  2168 | D:3      | 2168 ||| Stepping ~*~*~tactically~*~*~ (hiding).
  2169 | D:3      | 2169 ||| Stepping ~*~*~tactically~*~*~ (hiding).
  2175 | D:3      | 2175 ||| INVOKING Berserk.
  2178 | D:3      | Killed Robin
  2179 | D:3      | Reached skill level 7 in Axes
  2179 | D:3      | Reached XP level 5. HP: 45/45 MP: 4/4
  2290 | D:3      | 2290 ||| INVOKING Berserk.
  2297 | D:3      | Found Ywnaojev's Antique Weapon Shoppe.
  2315 | D:3      | 2315 ||| Stepping ~*~*~tactically~*~*~ (stealth).
  2317 | D:3      | 2317 ||| Stepping ~*~*~tactically~*~*~ (stealth).
  2333 | D:3      | 2333 ||| FLEEEEING.
  2334 | D:3      | 2334 ||| FLEEEEING.
  2335 | D:3      | 2335 ||| FLEEEEING.
  2336 | D:3      | 2336 ||| FLEEEEING.
  2337 | D:3      | 2337 ||| FLEEEEING.
  2341 | D:3      | 2341 ||| INVOKING Berserk.
  2387 | D:3      | 2387 ||| DROPPING +0 club.
  2418 | D:3      | Noticed Ijyb
  2422 | D:3      | 2422 ||| INVOKING Berserk.
  2427 | D:3      | Killed Ijyb
  2428 | D:3      | Reached skill level 1 in Throwing
  2632 | D:3      | Found a basalt altar of Yredelemnul.
  2717 | D:3      | 2717 ||| Stepping ~*~*~tactically~*~*~ (stealth).
  2718 | D:3      | 2718 ||| Stepping ~*~*~tactically~*~*~ (stealth).
  2719 | D:3      | 2719 ||| Stepping ~*~*~tactically~*~*~ (stealth).
  2722 | D:3      | 2722 ||| Stepping ~*~*~tactically~*~*~ (stealth).
  2723 | D:3      | 2723 ||| Stepping ~*~*~tactically~*~*~ (stealth).
  2741 | D:3      | Reached XP level 6. HP: 53/53 MP: 5/5
  2829 | D:3      | 2829 ||| INVOKING Berserk.
  2835 | D:3      | Reached skill level 8 in Axes
  3040 | D:3      | 3040 ||| UPGRADING to +4 ring of protection.
  3041 | D:3      | 3041 ||| READING 4 scrolls of identify.
  3041 | D:3      | 3041 ||| IDENTIFYING ruby potion
  3042 | D:3      | 3042 ||| READING 3 scrolls of identify.
  3042 | D:3      | 3042 ||| IDENTIFYING fizzy dark potion
  3043 | D:3      | 3043 ||| READING 2 scrolls of identify.
  3043 | D:3      | 3043 ||| IDENTIFYING purple potion
  3044 | D:3      | 3044 ||| DROPPING potion of degeneration.
  3045 | D:3      | 3045 ||| DROPPING potion of invisibility.
  3046 | D:3      | 3046 ||| DROPPING potion of magic.
  3078 | D:4      | 3078 ||| Stepping ~*~*~tactically~*~*~ (hiding).
  3083 | D:4      | 3083 ||| INVOKING Berserk.
  3094 | D:4      | 3094 ||| Stepping ~*~*~tactically~*~*~ (stealth).
  3095 | D:4      | 3095 ||| STAIRDANCE
  3200 | D:3      | 3200 ||| Stepping ~*~*~tactically~*~*~ (stealth).
  3204 | D:4      | 3204 ||| INVOKING Berserk.
  3389 | D:4      | 3389 ||| Stepping ~*~*~tactically~*~*~ (stealth).
  3390 | D:4      | 3390 ||| Stepping ~*~*~tactically~*~*~ (stealth).
  3490 | D:4      | Reached skill level 9 in Axes
  3547 | D:4      | Reached XP level 7. HP: 60/60 MP: 6/6
  3568 | D:4      | 3568 ||| Stepping ~*~*~tactically~*~*~ (water).
  3570 | D:4      | Reached *** piety under Trog
  3571 | D:4      | 3571 ||| DROPPING +0 mace.
  3608 | D:4      | 3608 ||| INVOKING Berserk.
  4533 | D:4      | Found a glowing silver altar of Zin.
  4534 | D:4      | Found a hazy altar of Hepliaklqana.
  4605 | D:4      | Found an ornate altar of the Wu Jian Council.
  4617 | D:4      | Found a glowing golden altar of the Shining One.
  4617 | D:4      | Found a shimmering altar of Xom.
  4619 | D:4      | Found an opulent altar of Gozag.
  4619 | D:4      | Found a hazy altar of Hepliaklqana.
  4619 | D:4      | Found an opulent altar of Gozag.
  4637 | D:4      | 4637 ||| UPGRADING to +0 chain mail.
  4647 | D:4      | 4647 ||| DROPPING +0 ring mail.
  4648 | D:4      | 4648 ||| READING scroll labelled FORUNO CAVO.
  4649 | D:4      | 4649 ||| READING scroll labelled YLIN UCWIXA.
  4650 | D:4      | 4650 ||| READING scroll labelled EPTAL EPIPO.
  4651 | D:4      | 4651 ||| READING scroll labelled XICLAE HILL.
  4652 | D:4      | 4652 ||| READING 3 scrolls of identify.
  4652 | D:4      | 4652 ||| IDENTIFYING green potion
  4653 | D:4      | 4653 ||| DROPPING potion of ambrosia.
  4687 | D:5      | Entered Level 5 of the Dungeon
  4688 | D:5      | 4688 ||| PLANNING OSSUARY
  4837 | D:5      | 4837 ||| Stepping ~*~*~tactically~*~*~ (stealth).
  4873 | D:5      | Reached skill level 3 in Armour
  4920 | D:5      | Noticed Edmund
  4924 | D:5      | 4924 ||| INVOKING Berserk.
  4928 | D:5      | Killed Edmund
  5075 | D:5      | Reached skill level 10 in Axes
  5215 | D:5      | 5215 ||| SWAPPING to +0 war axe.
  5231 | D:5      | Reached skill level 6 in Fighting
  5338 | D:5      | 5338 ||| DROPPING +0 hand axe of draining.
  5350 | D:5      | Identified the +2 robe of Mezuro {+Inv}
  5364 | D:5      | 5364 ||| Stepping ~*~*~tactically~*~*~ (stealth).
  5368 | D:5      | 5368 ||| INVOKING Berserk.
  5371 | D:5      | Reached XP level 8. HP: 70/70 MP: 7/7
  5398 | D:5      | 5398 ||| RIP OSSUARY
  5487 | D:5      | 5487 ||| PLANNING D:1-11
  5781 | D:6      | 5781 ||| INVOKING Berserk.
  6023 | D:6      | Found a staircase to the Ecumenical Temple.
  6030 | D:6      | 6030 ||| INVOKING Berserk.
  6034 | D:6      | Reached skill level 11 in Axes
  6040 | D:6      | 6040 ||| Stepping ~*~*~tactically~*~*~ (stealth).
  6108 | D:6      | 6108 ||| Stepping ~*~*~tactically~*~*~ (stealth).
  6148 | D:6      | Noticed qw's ghost (novice MiBe)
  6161 | D:6      | 6161 ||| FLEEEEING.
  6162 | D:6      | 6162 ||| FLEEEEING.
  6163 | D:6      | 6163 ||| FLEEEEING.
  6164 | D:6      | 6164 ||| FLEEEEING.
  6165 | D:6      | 6165 ||| FLEEEEING.
  6166 | D:6      | 6166 ||| FLEEEEING.
  6167 | D:6      | 6167 ||| FLEEEEING.
  6168 | D:6      | 6168 ||| FLEEEEING.
  6169 | D:6      | 6169 ||| FLEEEEING.
  6170 | D:6      | 6170 ||| FLEEEEING.
  6171 | D:6      | 6171 ||| FLEEEEING.
  6172 | D:6      | 6172 ||| FLEEEEING.
  6173 | D:6      | 6173 ||| FLEEEEING.
  6174 | D:6      | 6174 ||| FLEEEEING.
  6175 | D:6      | 6175 ||| FLEEEEING.
  6176 | D:6      | 6176 ||| FLEEEEING.
  6177 | D:6      | 6177 ||| FLEEEEING.
  6179 | D:6      | 6179 ||| FLEEEEING.
  6180 | D:6      | 6180 ||| FLEEEEING.
  6181 | D:6      | 6181 ||| FLEEEEING.
  6183 | D:6      | 6183 ||| FLEEEEING.
  6184 | D:6      | 6184 ||| FLEEEEING.
  6188 | D:6      | 6188 ||| FLEEEEING.
  6193 | D:6      | 6193 ||| FLEEEEING.
  6199 | D:6      | 6199 ||| FLEEEEING.
  6200 | D:6      | 6200 ||| FLEEEEING.
  6204 | D:6      | 6204 ||| FLEEEEING.
  6208 | D:6      | 6208 ||| FLEEEEING.
  6209 | D:6      | 6209 ||| FLEEEEING.
  6210 | D:6      | 6210 ||| FLEEEEING.
  6211 | D:6      | 6211 ||| FLEEEEING.
  6223 | D:6      | 6223 ||| FLEEEEING.
  6224 | D:6      | 6224 ||| FLEEEEING.
  6225 | D:6      | 6225 ||| FLEEEEING.
  6226 | D:6      | 6226 ||| FLEEEEING.
  6232 | D:6      | 6232 ||| FLEEEEING.
  6236 | D:6      | 6236 ||| FLEEEEING.
  6237 | D:6      | 6237 ||| FLEEEEING.
  6238 | D:6      | 6238 ||| FLEEEEING.
  6241 | D:6      | 6241 ||| FLEEEEING.
  6242 | D:6      | 6242 ||| FLEEEEING.
  6252 | D:6      | 6252 ||| FLEEEEING.
  6253 | D:6      | 6253 ||| FLEEEEING.
  6260 | D:6      | 6260 ||| FLEEEEING.
  6261 | D:6      | 6261 ||| FLEEEEING.
  6264 | D:6      | 6264 ||| STAIRDANCE
  6342 | D:6      | 6342 ||| STAIRDANCE
  6410 | D:6      | Found a shadowy altar of Dithmenos.
  6413 | D:6      | 6413 ||| INVOKING Berserk.
  6508 | D:6      | 6508 ||| DROPPING +2 whip of electrocution.
  6634 | D:6      | Found a runed translucent door.
  6811 | D:6      | 6811 ||| READING 4 scrolls of identify.
  6811 | D:6      | 6811 ||| IDENTIFYING metallic grey potion
  6812 | D:6      | 6812 ||| DROPPING potion of brilliance.
  6849 | D:7      | Noticed Pikel
  6850 | D:7      | 6850 ||| Stepping ~*~*~tactically~*~*~ (stealth).
  6852 | D:7      | 6852 ||| Stepping ~*~*~tactically~*~*~ (stealth).
  6854 | D:7      | 6854 ||| Stepping ~*~*~tactically~*~*~ (stealth).
  6855 | D:7      | 6855 ||| INVOKING Berserk.
  6858 | D:7      | Killed Pikel
  6859 | D:7      | Reached skill level 12 in Axes
  6868 | D:7      | Reached XP level 9. HP: 75/75 MP: 8/8
  7017 | D:7      | 7017 ||| INVOKING Berserk.
  7232 | D:7      | 7232 ||| Stepping ~*~*~tactically~*~*~ (hiding).
  7386 | D:7      | Reached skill level 13 in Axes
  7522 | D:7      | 7522 ||| INVOKING Berserk.
  7754 | D:7      | 7754 ||| Stepping ~*~*~tactically~*~*~ (stealth).
  8040 | D:7      | Found an iron altar of Okawaru.
  8048 | D:7      | Found a blossoming altar of Fedhas.
  8053 | D:7      | Found a shimmering blue altar of Sif Muna.
  8055 | D:7      | 8055 ||| UPGRADING to +0 cloak.
  8060 | D:7      | 8060 ||| READING 3 scrolls of identify.
  8060 | D:7      | 8060 ||| IDENTIFYING blue potion
  8061 | D:7      | 8061 ||| DROPPING potion of flight.
  8155 | D:8      | Noticed an orange demon
  8156 | D:8      | Noticed Amaemon
  8162 | D:8      | 8162 ||| INVOKING Berserk.
  8163 | D:8      | Killed an orange demon
  8164 | D:8      | Reached skill level 3 in Throwing
  8170 | D:8      | Killed Amaemon
  8171 | D:8      | Reached skill level 9 in Fighting
  8389 | D:8      | 8389 ||| DROPPING +0 flail.
  8413 | D:8      | 8413 ||| INVOKING Berserk.
  8413 | D:8      | Noticed a komodo dragon
  8427 | D:8      | Killed a komodo dragon
  8434 | D:8      | Reached skill level 14 in Axes
  8434 | D:8      | Reached XP level 10. HP: 57/91 MP: 9/9
  8566 | D:8      | 8566 ||| Stepping ~*~*~tactically~*~*~ (stealth).
  8607 | D:8      | 8607 ||| Stepping ~*~*~tactically~*~*~ (stealth).
  8640 | D:8      | Found a staircase to the Lair.
  8671 | D:8      | Noticed a two-headed ogre
  8674 | D:8      | 8674 ||| INVOKING Berserk.
  8678 | D:8      | Killed a two-headed ogre
  8795 | D:8      | 8795 ||| Stepping ~*~*~tactically~*~*~ (hiding).
  8799 | D:8      | 8799 ||| Stepping ~*~*~tactically~*~*~ (hiding).
  8889 | D:8      | Noticed a two-headed ogre
  8890 | D:8      | 8890 ||| Stepping ~*~*~tactically~*~*~ (stealth).
  8893 | D:8      | 8893 ||| INVOKING Berserk.
  8897 | D:8      | Killed a two-headed ogre
  8898 | D:8      | Reached skill level 15 in Axes
  9111 | D:8      | 9111 ||| Stepping ~*~*~tactically~*~*~ (stealth).
  9122 | D:8      | Reached skill level 3 in Dodging
  9318 | D:8      | 9318 ||| Stepping ~*~*~tactically~*~*~ (hiding).
  9623 | D:8      | 9623 ||| PLANNING LAIR
  9623 | D:8      | 9623 ||| UPGRADING to +0 plate armour.
  9633 | D:8      | 9633 ||| DROPPING +0 chain mail.
  9634 | D:8      | 9634 ||| DROPPING ring of magical power.
  9635 | D:8      | 9635 ||| READING 2 scrolls labelled XUGAEC PYFFI.
  9636 | D:8      | 9636 ||| READING scroll of enchant armour.
  9636 | D:8      | 9636 ||| ENCHANTING +0 pair of gloves.
  9663 | Lair:1   | Entered Level 1 of the Lair of Beasts
  9674 | Lair:1   | Noticed a cane toad
  9677 | Lair:1   | 9677 ||| INVOKING Berserk.
  9681 | Lair:1   | Killed a cane toad
  9842 | Lair:1   | 9842 ||| INVOKING Berserk.
  9923 | Lair:1   | Noticed a cane toad
  9927 | Lair:1   | 9927 ||| INVOKING Berserk.
  9931 | Lair:1   | Killed a cane toad
 10170 | Lair:1   | 10170 ||| Stepping ~*~*~tactically~*~*~ (stealth).
 10546 | Lair:1   | 10546 ||| Stepping ~*~*~tactically~*~*~ (stealth).
 10549 | Lair:1   | 10549 ||| INVOKING Berserk.
 10560 | Lair:1   | Reached skill level 16 in Axes
 10566 | Lair:1   | Reached XP level 11. HP: 97/97 MP: 10/10
 10960 | Lair:1   | 10960 ||| READING scroll labelled XIOSHR LASAUD.
 10961 | Lair:1   | 10961 ||| READING scroll labelled ELYZXU CADUJYHOC.
 11005 | Lair:2   | 11005 ||| Stepping ~*~*~tactically~*~*~ (hiding).
 11014 | Lair:2   | Noticed Urug
 11019 | Lair:2   | 11019 ||| FLEEEEING.
 11020 | Lair:2   | 11020 ||| FLEEEEING.
 11021 | Lair:2   | 11021 ||| STAIRDANCE
 11257 | Lair:2   | 11257 ||| INVOKING Berserk.
 11267 | Lair:2   | Killed Urug
 11268 | Lair:2   | 11268 ||| STAIRDANCE
 11410 | Lair:2   | 11410 ||| SWAPPING to +6 war axe.
 11411 | Lair:2   | 11411 ||| DROPPING +0 war axe.
 11483 | Lair:2   | 11483 ||| Stepping ~*~*~tactically~*~*~ (stealth).
 11488 | Lair:2   | 11488 ||| INVOKING Berserk.
 11501 | Lair:2   | Reached skill level 9 in Armour
 11668 | Lair:2   | 11668 ||| Stepping ~*~*~tactically~*~*~ (stealth).
 11691 | Lair:2   | 11691 ||| FLEEEEING.
 11692 | Lair:2   | 11692 ||| FLEEEEING.
 11697 | Lair:2   | 11697 ||| FLEEEEING.
 11698 | Lair:2   | 11698 ||| STAIRDANCE
 11743 | Lair:1   | 11743 ||| DROPPING ring of flight.
 11777 | Lair:2   | 11777 ||| INVOKING Berserk.
 11836 | Lair:2   | 11836 ||| Stepping ~*~*~tactically~*~*~ (stealth).
 11890 | Lair:2   | 11890 ||| INVOKING Berserk.
 12026 | Lair:2   | Found a hole to the Spider Nest.
 12026 | Lair:2   | Noticed a wolf spider
 12029 | Lair:2   | 12029 ||| INVOKING Berserk.
 12032 | Lair:2   | Killed a wolf spider
 12042 | Lair:2   | Noticed Nergalle
 12043 | Lair:2   | 12043 ||| Stepping ~*~*~tactically~*~*~ (hiding).
 12050 | Lair:2   | Killed Nergalle
 12051 | Lair:2   | Reached skill level 12 in Fighting
 12063 | Lair:2   | HP: 22/104 [torpor snail (8)]
 12064 | Lair:2   | 12064 ||| READING 5 scrolls of teleportation.
 12065 | Lair:2   | 12065 ||| DRINKING potion of heal wounds.
 12409 | Lair:2   | 12409 ||| Stepping ~*~*~tactically~*~*~ (stealth).
 12410 | Lair:2   | 12410 ||| Stepping ~*~*~tactically~*~*~ (stealth).
 12411 | Lair:2   | 12411 ||| INVOKING Berserk.
 12587 | Lair:2   | 12587 ||| INVOKING Berserk.
 12590 | Lair:2   | Reached XP level 12. HP: 112/112 MP: 11/11
 12891 | Lair:2   | Noticed a five-headed hydra
 12893 | Lair:2   | 12893 ||| SWAPPING to +1 demon whip of venom.
 12894 | Lair:2   | 12894 ||| INVOKING Berserk.
 12896 | Lair:2   | Killed a five-headed hydra
 12941 | Lair:2   | 12941 ||| SWAPPING to +6 war axe.
 13044 | Lair:2   | Found a staircase to the Swamp.
 13199 | Lair:2   | Noticed Gastronok
 13200 | Lair:2   | 13200 ||| Stepping ~*~*~tactically~*~*~ (hiding).
 13211 | Lair:2   | 13211 ||| INVOKING Berserk.
 13217 | Lair:2   | Killed Gastronok
 13289 | Lair:2   | 13289 ||| INVOKING Berserk.
 13421 | Lair:2   | 13421 ||| UPGRADING to +2 hat.
 13426 | Lair:2   | 13426 ||| READING scroll labelled YROH SUODGHAC.
 13427 | Lair:2   | 13427 ||| READING scroll labelled BAMAUM NAEKUSOD.
 13604 | Lair:3   | 13604 ||| Stepping ~*~*~tactically~*~*~ (stealth).
 13606 | Lair:3   | 13606 ||| Stepping ~*~*~tactically~*~*~ (stealth).
 13685 | Lair:3   | 13685 ||| Stepping ~*~*~tactically~*~*~ (hiding).
 13687 | Lair:3   | 13687 ||| Stepping ~*~*~tactically~*~*~ (hiding).
 13766 | Lair:3   | Reached **** piety under Trog
 13775 | Lair:3   | 13775 ||| Stepping ~*~*~tactically~*~*~ (stealth).
 13780 | Lair:3   | Reached skill level 12 in Armour
 13816 | Lair:3   | 13816 ||| INVOKING Berserk.
 13975 | Lair:3   | 13975 ||| READING scroll of enchant weapon.
 13975 | Lair:3   | 13975 ||| ENCHANTING +7 war axe.
 14124 | Lair:3   | 14124 ||| Stepping ~*~*~tactically~*~*~ (stealth).
 14161 | Lair:3   | Reached skill level 6 in Throwing
 14561 | Lair:3   | 14561 ||| Stepping ~*~*~tactically~*~*~ (stealth).
 14563 | Lair:3   | 14563 ||| Stepping ~*~*~tactically~*~*~ (stealth).
 14566 | Lair:3   | 14566 ||| Stepping ~*~*~tactically~*~*~ (stealth).
 14587 | Lair:3   | 14587 ||| INVOKING Berserk.
 14844 | Lair:3   | 14844 ||| Stepping ~*~*~tactically~*~*~ (stealth).
 14927 | Lair:3   | 14927 ||| INVOKING Berserk.
 15391 | Lair:3   | 15391 ||| UPGRADING to amulet of reflection.
 15396 | Lair:3   | 15396 ||| READING scroll labelled DUZERUDO AZASS.
 15397 | Lair:3   | 15397 ||| READING scroll labelled GIREAR UWNI.
 15398 | Lair:3   | 15398 ||| READING 7 scrolls of identify.
 15398 | Lair:3   | 15398 ||| IDENTIFYING lumpy coppery potion
 15399 | Lair:3   | 15399 ||| READING 6 scrolls of identify.
 15399 | Lair:3   | 15399 ||| IDENTIFYING pink potion
 15400 | Lair:3   | 15400 ||| READING 5 scrolls of identify.
 15400 | Lair:3   | 15400 ||| IDENTIFYING lumpy silvery potion
 15401 | Lair:3   | 15401 ||| DROPPING potion of lignification.
 15402 | Lair:3   | 15402 ||| READING 4 scrolls of teleportation.
 15564 | Lair:4   | 15564 ||| Stepping ~*~*~tactically~*~*~ (stealth).
 15566 | Lair:4   | 15566 ||| Stepping ~*~*~tactically~*~*~ (stealth).
 15572 | Lair:4   | 15572 ||| INVOKING Berserk.
 15697 | Lair:4   | 15697 ||| FLEEEEING.
 15698 | Lair:4   | 15698 ||| FLEEEEING.
 15699 | Lair:4   | 15699 ||| FLEEEEING.
 15709 | Lair:4   | 15709 ||| INVOKING Berserk.
 15725 | Lair:4   | Reached XP level 13. HP: 116/125 MP: 12/12
 15725 | Lair:4   | 15725 ||| Stepping ~*~*~tactically~*~*~ (stealth).
 15726 | Lair:4   | 15726 ||| Stepping ~*~*~tactically~*~*~ (stealth).
 15727 | Lair:4   | 15727 ||| Stepping ~*~*~tactically~*~*~ (stealth).
 15802 | Lair:4   | 15802 ||| INVOKING Berserk.
 15812 | Lair:4   | Reached skill level 15 in Fighting
 15970 | Lair:4   | 15970 ||| INVOKING Berserk.
 16315 | Lair:4   | 16315 ||| Stepping ~*~*~tactically~*~*~ (stealth).
 16319 | Lair:4   | 16319 ||| INVOKING Berserk.
 16444 | Lair:4   | Noticed Sonja
 16452 | Lair:4   | 16452 ||| INVOKING Berserk.
 16453 | Abyss:2  | Cast into level 2 of the Abyss (Sonja)
 16456 | Abyss:2  | 16456 ||| INVOKING Trog's Hand.
 16461 | Abyss:2  | Found a corrupted altar of Lugonu.
 16487 | Abyss:2  | 16487 ||| INVOKING Trog's Hand.
 16531 | Abyss:2  | 16531 ||| Stepping ~*~*~tactically~*~*~ (stealth).
 16532 | Abyss:2  | 16532 ||| Stepping ~*~*~tactically~*~*~ (stealth).
 16533 | Abyss:2  | 16533 ||| Stepping ~*~*~tactically~*~*~ (stealth).
 16534 | Abyss:2  | 16534 ||| Stepping ~*~*~tactically~*~*~ (stealth).
 16535 | Abyss:2  | 16535 ||| Stepping ~*~*~tactically~*~*~ (stealth).
 16538 | Abyss:2  | 16538 ||| INVOKING Berserk.
 16574 | Abyss:2  | 16574 ||| Stepping ~*~*~tactically~*~*~ (stealth).
 16596 | Abyss:2  | 16596 ||| Stepping ~*~*~tactically~*~*~ (hiding).
 16598 | Abyss:2  | 16598 ||| INVOKING Berserk.
 16605 | Abyss:2  | 16605 ||| INVOKING Trog's Hand.
 16609 | Abyss:2  | 16609 ||| Stepping ~*~*~tactically~*~*~ (stealth).
 16609 | Abyss:2  | Noticed a starcursed mass
 16612 | Abyss:2  | Paralysed by accursed screaming for 1 turns
 16617 | Abyss:2  | HP: 29/126 [starcursed mass/accursed screaming (10)]
 16618 | Abyss:2  | 16618 ||| READING 4 scrolls of teleportation.
 16619 | Abyss:2  | 16619 ||| DRINKING potion of heal wounds.
 16623 | Abyss:2  | HP: 11/126 [starcursed mass/accursed screaming (7)]
 16624 | Abyss:2  | HP: 4/126 [starcursed mass/accursed screaming (7)]
 16625 | Abyss:2  | Killed a starcursed mass
 16625 | Abyss:2  | Slain by an ice devil

Levels and vault maps discovered:
D:1:      dpeg_arrival_arbitrary_c, layout_basic,
          shapermc_ecumenical_altar_hornbeckon, st_stairs_2
D:2:      layout_basic, st_stairs_8
D:3:      layout_loops_ring, overflow_temple_1_default, serial_shops,
          nicolae_shop_statue_plus, nicolae_shop_trees,
          nicolae_shop_hallway_stairs, minmay_ogre_servants, uniq_robin,
          uniq_jessica, uniq_natasha, uniq_ijyb
D:4:      layout_layer_cave, doesnt_xom_only_xom,
          gammafunk_temple_overflow_statue, minivault_14
D:5:      layout_basic, nicolae_ossuary_entry_ruins, uniq_edmund
D:6:      layout_basic, grunt_dithmenos_smoke, temple_statues,
          hellmonk_ghost_happy_afterlife
D:7:      layout_basic, minitemple, uniq_pikel
D:8:      layout_cave_pods, due_lair_maze_entry_diamond, uniq_amaemon
Lair:1:   layout_hall_layers, serial_bayou_shore_a
Lair:2:   layout_cave_pods, minmay_swamp_entry_reptiles,
          spider_nest_entry_funnel_web, grunt_megastairs_2,
          infiniplex_staircase_pool, uniq_gastronok, uniq_urug, uniq_nergalle
Lair:3:   layout_cave_pods, nicolae_lair_run_with_the_wolves
Lair:4:   layout_cave_pods, minivault_26, lemuel_fruit_fields,
          grunt_megastairs_1, uniq_sonja
Abyss:2:  base: Lair:1, hangedman_stitches_earthworm

Skill      XL: |  1  2  3  4  5  6  7  8  9 10 11 12 13 |
---------------+----------------------------------------+-----
Axes           | 4 5 6 7 9 10 12 14 16 | 16.0
Fighting       | 4 6 9 12 14 15 | 15.0
Throwing       | 1 3 5 6 |  6.2
Armour         | 3 4 5 8 10 13 14 | 14.0
Dodging        | 3 4 5 |  5.0

Action                   |  1- 3 |  4- 6 |  7- 9 | 10-12 | 13-15 || total
-------------------------+-------+-------+-------+-------+-------++-------
Melee: Hand axe          |    70 |   104 |    40 |       |       ||   214
       Headbutt          |     8 |    15 |    37 |    80 |    17 ||   157
       Punch             |     1 |     1 |       |     5 |     1 ||     8
       War axe           |       |       |   149 |   394 |    81 ||   624
       Demon whip        |       |       |       |    17 |       ||    17
Throw: Boomerang         |       |    28 |    50 |    18 |    14 ||   110
       Javelin           |       |       |     8 |    95 |     8 ||   111
Invok: Berserk           |     1 |     8 |    11 |    21 |     6 ||    47
       Trog's Hand       |       |       |       |       |     3 ||     3
  Use: Scroll            |     4 |     3 |     7 |    14 |     1 ||    29
       Potion            |     2 |       |       |     1 |     1 ||     4
Armor: Animal skin       |    14 |       |       |       |       ||    14
       Ring mail         |     3 |    36 |     7 |       |       ||    46
       Chain mail        |       |       |    89 |    41 |       ||   130
       Plate armour      |       |       |       |   148 |    43 ||   191
Dodge: Dodged            |    31 |    34 |    59 |   116 |    22 ||   262
Block: Other             |       |       |       |     2 |    15 ||    17
       Reflection        |       |       |       |       |     2 ||     2

Table legend:
 A = Non-vault XP
 B = Vault XP
 C = Vault XP percentage of total XP
 D = Non-vault monster count
 E = Vault monster count
 F = Vault count percentage of total count
                 A         B        C        D         E       F
            +---------+---------+-------+---------+---------+-------
      Total |   32174 |   12350 |  27.7 |     247 |      68 |  21.6
            +---------+---------+-------+---------+---------+-------
        D:1 |      18 |       5 |  21.7 |      12 |       3 |  20.0
        D:2 |      72 |       0 |   0.0 |      13 |       0 |   0.0
        D:3 |     161 |     268 |  62.5 |      26 |      24 |  48.0
        D:4 |     484 |       0 |   0.0 |      25 |       0 |   0.0
        D:5 |     520 |     164 |  24.0 |      11 |       1 |   8.3
        D:6 |     397 |       0 |   0.0 |      14 |       0 |   0.0
        D:7 |     858 |     663 |  43.6 |      15 |       1 |   6.2
        D:8 |    1966 |    3159 |  61.6 |      23 |      11 |  32.4
     Lair:1 |    2589 |       0 |   0.0 |      11 |       0 |   0.0
     Lair:2 |    8911 |    4910 |  35.5 |      31 |      12 |  27.9
     Lair:3 |    8438 |    1752 |  17.2 |      33 |      11 |  25.0
     Lair:4 |    3694 |    1429 |  27.9 |      16 |       5 |  23.8
    Abyss:2 |    4066 |       0 |   0.0 |      17 |       0 |   0.0
            +---------+---------+-------+---------+---------+-------
